 Dungeon Crawl Stone Soup version 0.26-b1-32-g5d43845318 (webtiles) character file.

Game seed: 15821483601392840982

663 wakim the Destroyer (level 7, -5/36 HPs)
             Began as a Deep Elf Conjurer on Jan 9, 2021.
             Shot with an arrow by a centaur (9 damage)
             ... on level 5 of the Dungeon.
             The game lasted 00:18:18 (3890 turns).

wakim the Destroyer (Deep Elf Conjurer)             Turns: 3890, Time: 00:18:20

Health: -5/36      AC:  3    Str:  4    XL:     7   Next: 31%
Magic:  9/19       EV: 13    Int: 25    God:
Gold:   142        SH:  0    Dex: 13    Spells: 17/20 levels left

rFire    . . .     SeeInvis .   a - +0 dagger (speed)
rCold    + . .     Faith    .   (no shield)
rNeg     + . .     Spirit   .   d - +0 robe
rPois    .         Reflect  .   (no helmet)
rElec    .         Harm     .   (no cloak)
rCorr    .         Rampage  .   (no gloves)
Will     .....                  k - +0 pair of boots
Stlth    +.........             (no amulet)
HPRegen  0.12/turn              b - ring of protection from cold
MPRegen  0.16/turn              j - ring of positive energy

@: glowing
A: no striking features
a: no special abilities


You were on level 5 of the Dungeon.
You visited 1 branch of the dungeon, and saw 5 of its levels.

You collected 142 gold pieces.

Inventory:

Hand Weapons
 a - a +0 dagger of speed (weapon)
Armour
 d - a +0 robe (worn)
 k - a +0 pair of boots (worn)
Jewellery
 b - a ring of protection from cold (left hand)
 j - a ring of positive energy (right hand)
 l - an uncursed ring of ice
Scrolls
 c - 2 scrolls of remove curse
 i - 8 scrolls of identify
 n - a scroll of amnesia
 p - a scroll of enchant weapon {unknown}
 r - a scroll of immolation {unknown}
Potions
 e - a potion of brilliance {unknown}
 f - 2 potions of flight {unknown}
 g - a potion of haste
 h - 4 potions of curing {unknown}
 m - 2 potions of might {unknown}
 o - 2 potions of ambrosia {unknown}


   Skills:
 - Level 2.4 Dodging
 + Level 3.2 Stealth
 + Level 7.1 Spellcasting
 - Level 8.0 Conjurations


You had 17 spell levels left.
You knew the following spells:

 Your Spells              Type           Power        Failure   Level
a - Magic Dart            Conj           100%         1%          1
b - Searing Ray           Conj           96%          1%          2

Your spell library contained the following spells:

 Spells                   Type           Power        Failure   Level
 Dazzling Flash           Conj/Hex       56%          3%          3
 Fulminant Prism          Conj/Hex       14%          13%         4
 Iskenderun's Mystic Bla  Conj/Tloc      28%          13%         4


Dungeon Overview and Level Annotations

Branches:
Dungeon (5/15)
 Temple: D:4-7

Altars:
Cheibriados

Shops:
D:4 *   D:5 *


Message History

Casting: Searing Ray (safe; 1% risk of failure)
Confirm with . or Enter, or press ? or * to list all spells.
Aiming: Searing Ray (safe; 1% risk of failure)
Press: ? - help, Shift-Dir - straight line, f - gnoll
Aim: a gnoll, wielding a +0 halberd (15% to evade)
The searing ray hits the gnoll!
The gnoll is almost dead. (Press . to maintain the ray.)
The gnoll hits you from afar with a +0 halberd.
* * * LOW HITPOINT WARNING * * *
The searing ray hits the gnoll!
You kill the gnoll!
A centaur comes into view.
The centaur shouts!
The centaur wields a +0 shortbow.
The centaur shoots an arrow.
The arrow hits you!
* * * LOW HITPOINT WARNING * * *
You see here an arrow.
The centaur shoots an arrow.
The arrow hits you!
You die...

##.## ... #...# ..
#...# ######c# #...#
####...)..### #...#
#.......)...#
#####...###.##(##.#.#.#
.............#c##.#.# #
..∩............##.# )
..........@..####.###.#
###.......#.#####.....#
#.#...#.#.......# #
#.#)..#.#######.# #
#...#.# #.# ### #...#.#
#.# #.. ... ..# #.# #.#
#. #.##.# #.#.#


You could see a centaur.

Vanquished Creatures
  2 ogres
  A scorpion (D:4)
  A centaur skeleton (D:4)
  2 orc wizards (D:4)
  An orc priest (D:4)
  A gnoll shaman (D:5)
  A hound (D:4)
  An iguana (D:4)
  A worker ant (D:4)
  A hound zombie (D:5)
  5 gnolls
  6 adders
  2 oozes
  2 worms
  2 dart slugs
  2 leopard geckos (D:1)
  11 orcs
  4 giant cockroaches
  5 goblins
  2 hobgoblins
  13 kobolds
  2 quokkas (D:4)
  2 ball pythons (D:3)
  12 bats
  4 frilled lizards
  5 rats
91 creatures vanquished.

Notes
Turn   | Place    | Note
-------+----------+-------------------------------------------
     0 | D:1      | wakim the Deep Elf Conjurer began the quest for the Orb.
     0 | D:1      | Reached XP level 1. HP: 10/10 MP: 6/6
    80 | D:1      | Reached XP level 2. HP: 15/15 MP: 6/8
    86 | D:1      | Learned a level 2 spell: Searing Ray
   171 | D:1      | Reached skill level 5 in Conjurations
   335 | D:1      | You fall into a shaft and drop 1 floor!
   574 | D:2      | Noticed an ogre
   584 | D:2      | Killed an ogre
   585 | D:2      | Reached skill level 6 in Conjurations
   585 | D:2      | Reached XP level 3. HP: 19/19 MP: 2/10
   585 | D:2      | Reached XP level 4. HP: 24/24 MP: 2/11
  1604 | D:2      | Found a snail-covered altar of Cheibriados.
  1681 | D:2      | Reached XP level 5. HP: 28/28 MP: 7/12
  2122 | D:3      | Reached skill level 7 in Conjurations
  2962 | D:4      | Reached XP level 6. HP: 32/32 MP: 7/14
  3152 | D:4      | Reached skill level 5 in Spellcasting
  3218 | D:4      | Reached skill level 8 in Conjurations
  3401 | D:4      | Reached XP level 7. HP: 36/36 MP: 11/18
  3697 | D:4      | Found Vohiumn's General Store.
  3839 | D:5      | Entered Level 5 of the Dungeon
  3854 | D:5      | Found Nisocot's General Store.
  3890 | D:5      | Shot with an arrow by a centaur

Illustrated notes

Levels and vault maps discovered:
D:1:      minmay_arrival_three_doors, layout_loops_ring
D:2:      layout_rooms, marbit_many_paths
D:3:      layout_basic
D:4:      layout_loops_cross, serial_shops, shop
D:5:      layout_loops_cross, biasface_ghost_orc_armoury, serial_shops, shop,
          feat_on_display

Skill      XL: |  1  2  3  4  5  6  7 |
---------------+----------------------+-----
Conjurations   | 6 7 8 |  8.0
Spellcasting   | 4 6 7 |  7.1
Stealth        | 3 |  3.2
Dodging        | |  2.4

Action                   |  1- 3 |  4- 6 |  7- 9 || total
-------------------------+-------+-------+-------++-------
 Cast: Magic Dart        |    34 |    85 |     9 ||   128
       Searing Ray       |     2 |    16 |     7 ||    25
  Use: Scroll            |       |     6 |       ||     6
Armor: Robe              |       |     4 |       ||     4
Dodge: Dodged            |     4 |     6 |     2 ||    12
